 Dungeon Crawl Stone Soup version 0.25-a0-435-g4b9beb1024 (webtiles) character file.

Game seed: 14490344772978204048, levelgen mode: deterministic

124087 ReteAZ the Earth Mage (level 15, -8/177 HPs)
             Began as a Demigod Earth Elementalist on Jan 26, 2020.
             Mangled by a merfolk impaler
             ... wielding a +1 vorpal trident
              (9 damage)
             ... on level 4 of the Shoals on Jan 27, 2020.
             The game lasted 02:31:10 (39328 turns).

ReteAZ the Earth Mage (Demigod Earth Elementalist) Turns: 39328, Time: 02:31:11

Health: -8/177     AC: 22    Str: 24    XL:     15   Next: 91%
Magic:  13/30      EV: 14    Int: 30    God:
Gold:   3086       SH: 13    Dex: 16    Spells: 2/28 levels left

rFire    + . .     SeeInvis +   i - staff of conjuration
rCold    + . .     Gourm    .   o - +0 shield
rNeg     . . .     Faith    .   O - +3 ring mail {rC+}
rPois    .         Spirit   .   X - +2 helmet
rElec    .         Reflect  .   p - +2 cloak of the Thief {+Fog Slay-2 SInv Stlth+}
rCorr    .         Harm     .   j - +2 pair of gloves
MR       +....                  Y - +0 pair of boots of the Game Afoot {+Fly rF+ Str+6}
Stlth    ..........             A - amulet of regeneration
HPRegen  0.79/turn              H - +2 ring of protection
MPRegen  0.22/turn              G - +3 ring of intelligence

@: berserking (expiring), mesmerised, slow
A: high mp 1
a: Evoke Fog, Evoke Flight


You were on level 4 of the Shoals.
You were hungry.

You visited 4 branches of the dungeon, and saw 27 of its levels.
You also visited: Ice Cave.

You collected 4321 gold pieces.
You spent 1235 gold pieces at shops.

Inventory:

Hand Weapons
 b - a +2 vorpal trident
 K - the +5 halberd "Betomif" {venom, *Noise rN+ MR+ Stlth+}
   (You found it on level 8 of the Dungeon)

   It poisons the flesh of those it strikes.
   It protects you from negative energy.
   It affects your resistance to hostile enchantments.
   It may make noises in combat.
   It makes you more stealthy.
Missiles
 k - 7 throwing nets
 J - 111 stones
 V - 14 curare-tipped darts (quivered)
Armour
 j - a +2 pair of gloves (worn)
 o - a +0 shield (worn)
 p - the +2 cloak of the Thief (worn) {+Fog Slay-2 SInv Stlth+}
   (You bought it in a shop on level 9 of the Dungeon)

   It affects your accuracy and damage with ranged weapons and melee attacks
   (-2).
   It lets you see invisible.
   It makes you more stealthy.
   If you remove this armour, your AC will fall 3 points (22 -> 19)
 O - a +3 ring mail of cold resistance (worn)
 X - a +2 helmet (worn)
 Y - the +0 pair of boots of the Game Afoot (worn) {+Fly rF+ Str+6}
   (You found it on level 5 of the Lair of Beasts)

   It affects your strength (+6).
   It protects you from fire.
   It lets you fly.
   If you remove this armour, your AC will fall 1 point (22 -> 21)
 Z - +0 fire dragon scales
Magical Staves
 f - an uncursed staff of fire
 i - an uncursed staff of conjuration (weapon)
 n - an uncursed staff of wizardry
Jewellery
 x - an uncursed ring of see invisible
 A - an amulet of regeneration (around neck)
 G - a +3 ring of intelligence (right hand)
 H - a +2 ring of protection (left hand)
 M - an uncursed ring of positive energy
Wands
 v - a wand of disintegration (10)
 w - a wand of enslavement (8)
 y - a wand of random effects (52)
 C - a wand of flame (62)
 E - a wand of digging (9)
 F - a wand of acid (6)
 N - a wand of paralysis (46)
 T - a wand of polymorph (17)
Scrolls
 e - 7 scrolls of amnesia
 g - 7 scrolls of teleportation
 r - 10 scrolls of remove curse
 s - 2 scrolls of identify
 t - 9 scrolls of enchant weapon
 I - a scroll of fog
 P - 3 scrolls of blinking
 Q - a scroll of fear
 W - a scroll of summoning
Potions
 a - 6 potions of flight
 c - a potion of brilliance
 h - 2 potions of ambrosia
 l - 4 potions of mutation
 m - 2 potions of magic
 q - 3 potions of heal wounds
 u - 6 potions of lignification
 z - 5 potions of might
 D - 3 potions of curing
 L - 2 potions of haste
 U - 2 potions of resistance
Comestibles
 d - 33 rations


   Skills:
 - Level 7.0 Fighting
 - Level 6.0 Armour
 - Level 6.0 Dodging
 - Level 1.7 Stealth
 - Level 10.2 Shields
 - Level 7.0 Spellcasting
 + Level 10.1 Conjurations
 - Level 4.0 Translocations
 - Level 4.0 Transmutations
 - Level 7.0 Fire Magic
 - Level 17.1 Earth Magic


You had 2 spell levels left.
You knew the following spells:

 Your Spells              Type           Power        Failure   Level  Hunger
a - Sandblast             Erth           ######       0%          1    None
b - Stone Arrow           Conj/Erth      ######       1%          3    None
c - Lee's Rapid Deconstr  Erth           #######...   1%          5    ####...
d - Petrify               Tmut/Erth      ######..     1%          4    ##.....
e - Blink                 Tloc           N/A          3%          2    None
f - Bolt of Magma         Conj/Fire/Erth #######...   3%          5    ####...
g - Iron Shot             Conj/Erth      #######...   8%          6    ######.

Your spell library contained the following spells:

 Spells                   Type           Power        Failure   Level  Hunger
 Magic Dart               Conj           ####         1%          1    None
 Passwall                 Tmut/Erth      ######..     1%          2    None
 Searing Ray              Conj           ######       1%          2    None
 Apportation              Tloc           ####..       2%          1    None
 Beastly Appendage        Tmut           ####..       2%          1    None
 Sticks to Snakes         Tmut           ####....     3%          2    None
 Sting                    Tmut/Pois      ###.         6%          1    None
 Shroud of Golubria       Chrm/Tloc      ###...       9%          2    None
 Animate Skeleton         Necr           N/A          13%         1    None
 Corona                   Hex            ##.....      13%         1    None
 Summon Small Mammal      Summ           ##..         13%         1    None
 Call Imp                 Summ           ##......     21%         2    None
 Ensorcelled Hibernation  Hex/Ice        ##....       21%         2    None
 Poisonous Vapours        Pois/Air       ##....       21%         2    None
 Slow                     Hex            ##......     21%         2    None
 Conjure Flame            Conj/Fire      #######.     1%          3    None
 Dazzling Flash           Conj/Hex       ######       4%          3    None
 Gell's Gravitas          Tloc           ####......   8%          3    None
 Lesser Beckoning         Tloc           ####......   8%          3    None
 Teleport Other           Tloc           ####....     8%          3    None
 Iskenderun's Mystic Bla  Conj/Tloc      ######..     8%          4    ##.....
 Ignite Poison            Fire/Tmut/Pois ####....     9%          3    None
 Mephitic Cloud           Conj/Pois/Air  #####...     10%         3    None
 Spider Form              Tmut/Pois      ###.......   17%         3    None
 Fulminant Prism          Conj/Hex       ######....   17%         4    ##.....
 Irradiate                Conj/Tmut      ######....   21%         5    ####...
 Passage of Golubria      Tloc           N/A          26%         4    ##.....
 Statue Form              Tmut/Erth      ######...    26%         6    ######.
 Call Canine Familiar     Summ           ##......     36%         3    None
 Confusing Touch          Hex            ##......     36%         3    None
 Summon Guardian Golem    Hex/Summ       ##......     36%         3    None
 Tukima's Dance           Hex            ##......     36%         3    None
 Iskenderun's Battlesphe  Conj/Chrm      ######..     43%         5    ####...
 Ice Form                 Ice/Tmut       ###.....     50%         4    ##.....
 Blade Hands              Tmut           ####......   56%         5    ####...
 Olgreb's Toxic Radiance  Pois           ##......     78%         4    ##.....
 Summon Ice Beast         Ice/Summ       ##......     78%         4    ##.....
 Summon Lightning Spire   Summ/Air       ##......     78%         4    ##.....
 Orb of Destruction       Conj           #######...   87%         7    #######
 Conjure Ball Lightning   Conj/Air       ######....   95%         6    ######.
 Silence                  Hex/Air        ##........   98%         5    ####...
 Hydra Form               Tmut           ####......   98%         6    ######.
 Deflect Missiles         Chrm/Air       ##........   100%        6    ######.
 Dragon Form              Tmut           ####......   100%        7    #######
 Spellforged Servitor     Conj/Summ      ######....   100%        7    #######
 Tornado                  Air            ##........   100%        9    #######


Dungeon Overview and Level Annotations

Branches:
Dungeon (15/15)            Temple (0/1) D:7            Lair (6/6) D:9
 Shoals (4/4) Lair:4        Snake (0/4) Lair:4        Slime (0/5) Lair:5
    Orc (2/2) D:11            Elf (0/3) Orc:2        Vaults (0/5) D:14
 Depths (0/5) D:15          IceCv (visited)

Shops:
D:9 [}   D:14 (   Orc:2 [?*}   Shoals:2 ?

Annotations:
D:4 Grinder
D:12 Gastronok; Kirke
Lair:2 1 runed translucent door, Iguemp's ghost, journeyman GrFE
Lair:6 1 runed translucent door, Urug
Shoals:4 Ilsuiw


Innate Abilities, Weirdness & Mutations

You have an increased reservoir of magic. (+10% MP)


Message History

You block the boomerang.
The weapon returns to the merfolk!
The water elemental barely misses you.
The sea snake bites you but does no damage.
You cannot move away from the merfolk avatar!
You cannot move away from the merfolk avatar!
Your unstable footing causes you to fumble your attack.
The harpy screeches!
You hear a shout!
The pull of its song draws you forwards.
You block the harpy's attack. The harpy claws you but does no damage.
The merfolk siren closely misses you.
The merfolk impaler hits you but does no damage.
The merfolk javelineer throws a javelin.
The javelin pierces through you!
* * * LOW HITPOINT WARNING * * *
You hear a splash.
The merfolk avatar chants its luring song.
The sea snake bites you!
* * * LOW HITPOINT WARNING * * *
The merfolk impaler hits you with a +1 vorpal trident!
You die...

≈≈≈≈≈≈≈≈≈≈≈≈≈≈≈≈≈#
≈≈≈≈≈≈≈≈≈≈≈≈≈≈≈≈≈≈#
≈≈≈≈≈≈≈≈≈≈≈≈≈≈≈≈≈≈#
≈≈≈≈≈≈≈≈≈≈≈≈≈≈≈≈≈≈≈
≈≈≈≈≈≈≈≈≈≈≈≈≈≈≈≈≈≈≈
≈≈≈≈≈≈≈!(≈≈≈≈≈≈≈≈≈≈
≈≈≈≈≈≈m(≈≈SH≈≈≈≈≈≈≈
≈≈≈≈≈.m≈(E≈m≈≈≈≈≈≈≈
≈≈≈≈≈C≈≈≈mS@≈≈≈H≈≈≈
≈≈≈≈≈≈≈≈≈≈≈≈m≈≈m≈≈≈
≈≈≈≈≈≈≈≈≈H≈≈m≈≈≈≈≈≈
≈≈≈≈≈m≈≈≈≈#≈#≈##≈≈≈
≈≈≈≈m≈≈≈≈≈##### ≈≈
≈≈≈≈≈≈≈≈### #
≈≈≈≈≈≈≈ ≈≈≈≈≈≈


You could see a frost giant, a merfolk avatar, 3 merfolk impalers, 2 merfolk
javelineers, 2 sea snakes, a merfolk, a water elemental, a merfolk siren, a
water nymph and 3 harpies.

Vanquished Creatures
  Nikola (Shoals:3)
  A kraken (Shoals:2)
  A fire giant (D:15)
  2 very ugly things (IceCv)
  A dire elephant (Lair:6)
  A merfolk javelineer (Shoals:2)
  2 merfolk impalers
  Erolcha (D:13)
  Harold (D:8)
  8 hydras
  4 centaur warriors
  2 death knights
  An alligator snapping turtle (Shoals:3)
  6 two-headed ogres
  A catoblepas (Lair:6)
  2 dancing weapons (D:14)
  2 merfolk avatars
  3 death yaks (Lair:6)
  A merfolk aquamancer (Shoals:2)
  A satyr (Shoals:3)
  4 orc high priests (Orc:2)
  A fire crab (Lair:4)
  Sonja (D:13)
  Nergalle (Lair:3)
  5 sea snakes
  5 skeletal warriors
  4 unseen horrors
  6 harpies
  2 lindwurms (Lair:6)
  3 orc knights (Orc:2)
  4 fauns
  3 cyclopes
  13 ugly things
  4 orc sorcerers (Orc:2)
  11 elephants
  17 manticores
  A guardian serpent (Lair:4)
  5 ice statues (IceCv)
  5 torpor snails
  8 merfolk sirens
  4 black mambas
  A gargoyle (D:15)
  9 spiny frogs
  A rime drake (Lair:4)
  2 freezing wraiths (D:15)
  2 efreet
  8 komodo dragons
  A rime drake (shapeshifter) (D:13)
  3 anaconda simulacra (IceCv)
  9 trolls
  4 tyrant leeches (Lair:6)
  A golden dragon simulacrum (IceCv)
  6 meliai
  A wind drake (Shoals:1)
  15 merfolk
  A harpy skeleton (D:15)
  7 hornets (Lair:6)
  4 slime creatures
  11 hippogriffs
  5 blink frogs
  13 dream sheep
  3 snapping turtles
  6 water elementals
  4 shadows
  4 wraiths
  2 wyverns
  2 dire elephant simulacra (IceCv)
  38 yaks
  A hungry ghost (D:9)
  2 hogs
  4 basilisks
  9 vampire mosquitoes
  A harpy simulacrum (IceCv)
  5 wargs
  An iron troll simulacrum (IceCv)
  15 water moccasins
  9 porcupines
  10 ice beasts
  4 sky beasts
  2 phantoms
  A hornet zombie (D:9)
  An ettin simulacrum (IceCv)
  2 black bears
  A necrophage (D:11)
  21 orc warriors
  2 eyes of draining
  9 ogres
  15 centaurs
  7 crocodiles
  A big kobold (D:9)
  17 bullfrogs
  A water moccasin zombie (D:9)
  A wyvern zombie (D:12)
  A wyvern skeleton (D:13)
  3 scorpions
  5 killer bees
  15 wights
  7 jellies
  3 electric eels (Lair:1)
  2 howler monkeys
  A vampire bat (Orc:1)
  4 crimson imps
  21 orc priests
  6 hounds
  4 bullfrog skeletons
  A bullfrog zombie (D:6)
  30 orc wizards
  5 centaur skeletons
  2 iguanas
  12 worker ants
  A killer bee zombie (D:7)
  2 hound zombies
  A hound skeleton (D:4)
  13 adders
  A shadow imp (D:10)
  10 oozes
  2 worms
  A leopard gecko (D:3)
  77 orcs
  4 giant cockroaches (D:2)
  4 goblins
  4 hobgoblins
  9 jackals
  7 quokkas
  2 ball pythons
  12 bats
  3 frilled lizards
  A giant cockroach zombie (D:6)
  A jackal zombie (D:6)
  6 kobolds
  5 rats
  A plant (Shoals:3)
  A tentacle (Shoals:2)
744 creatures vanquished.

Vanquished Creatures (collateral kills)
  An orc knight (Orc:2)
  An orc sorcerer (Orc:2)
  2 orc warriors (Orc:2)
  An orc wizard (Orc:2)
5 creatures vanquished.

Vanquished Creatures (others)
  A crocodile (Lair:5)
  A bullfrog skeleton (D:13)
  21 fungi
  36 plants
  48 tentacles (Shoals:2)
107 creatures vanquished.

Grand Total: 856 creatures vanquished

Notes
Turn   | Place    | Note
-------+----------+-------------------------------------------
     0 | D:1      | ReteAZ the Demigod Earth Elementalist began the quest for
                  | the Orb.
     0 | D:1      | Reached XP level 1. HP: 14/14 MP: 5/5
   642 | D:2      | Reached skill level 3 in Earth Magic
   642 | D:2      | Reached XP level 2. HP: 20/20 MP: 5/7
   910 | D:2      | Reached XP level 3. HP: 26/26 MP: 5/9
   943 | D:2      | Found a radiant altar of Vehumet.
  1115 | D:2      | Found a glowing golden altar of the Shining One.
  1601 | D:3      | Reached skill level 4 in Earth Magic
  1626 | D:3      | Learned a level 3 spell: Stone Arrow
  1755 | D:3      | Reached XP level 4. HP: 29/33 MP: 8/10
  2182 | D:4      | Reached XP level 5. HP: 38/38 MP: 9/12
  2505 | D:4      | Reached skill level 5 in Earth Magic
  2535 | D:4      | Noticed Grinder
  2725 | D:4      | Reached skill level 1 in Conjurations
  2854 | D:5      | Entered Level 5 of the Dungeon
  2862 | D:4      | Reached XP level 6. HP: 16/45 MP: 7/14
  3761 | D:5      | Reached skill level 6 in Earth Magic
  3814 | D:5      | Reached XP level 7. HP: 50/50 MP: 12/16
  4491 | D:6      | Reached skill level 7 in Earth Magic
  4505 | D:6      | Learned a level 5 spell: Lee's Rapid Deconstruction
  5077 | D:6      | Reached XP level 8. HP: 57/57 MP: 6/18
  5394 | D:6      | Found a shimmering blue altar of Sif Muna.
  5414 | D:6      | Reached skill level 5 in Spellcasting
  5436 | D:6      | Reached skill level 8 in Earth Magic
  6030 | D:7      | Reached skill level 9 in Earth Magic
  6238 | D:7      | Found a staircase to the Ecumenical Temple.
  6351 | D:7      | You fall into a shaft and drop 2 floors!
  6351 | D:9      | Found a sparkling altar of Nemelex Xobeh.
  6446 | D:8      | Got a polished halberd
  6447 | D:8      | Identified the +5 halberd "Betomif" {venom, *Noise rN+ MR+
                  | Stlth+} (You found it on level 8 of the Dungeon)
  6724 | D:7      | Noticed a hippogriff
  6726 | D:7      | Killed a hippogriff
  6726 | D:7      | Reached skill level 10 in Earth Magic
  6726 | D:7      | Reached XP level 9. HP: 49/62 MP: 9/20
  7263 | D:8      | Found an opulent altar of Gozag.
  7541 | D:8      | Noticed Harold
  7545 | D:8      | Killed Harold
  7545 | D:8      | Reached skill level 11 in Earth Magic
  7750 | D:9      | Noticed an elephant
  7947 | D:9      | Found a shadowy altar of Dithmenos.
  8206 | D:9      | Found a staircase to the Lair.
  8261 | D:9      | Killed an elephant
  8356 | D:9      | Reached XP level 10. HP: 77/77 MP: 6/21
  8443 | D:9      | Noticed a two-headed ogre
  8453 | D:9      | Killed a two-headed ogre
  8569 | D:9      | Found a bloodstained altar of Trog.
  8569 | D:9      | Found a snail-covered altar of Cheibriados.
  8569 | D:9      | Found a shattered altar of Ashenzari.
  8570 | D:9      | Found a burning altar of Makhleb.
  8694 | D:9      | Found Ohadiwk's Antique Armour Emporium.
  8773 | D:9      | Found Vofrasm's Gadget Shop.
  9149 | D:10     | Entered Level 10 of the Dungeon
  9221 | D:10     | Noticed a centaur warrior
  9228 | D:10     | Killed a centaur warrior
  9228 | D:10     | Reached skill level 12 in Earth Magic
  9344 | D:10     | Learned a level 4 spell: Petrify
  9508 | D:10     | Got a distressingly furry robe
  9519 | D:10     | Identified the +1 robe of Monotheism {rN+++ Regen+ Int-5
                  | Dex-3} (You found it on level 10 of the Dungeon)
  9550 | D:10     | Reached skill level 1 in Transmutations
 10092 | D:11     | Found a staircase to the Orcish Mines.
 10271 | D:11     | Reached skill level 5 in Fighting
 10285 | D:11     | Reached skill level 5 in Shields
 10483 | D:11     | Noticed an unseen horror
 10488 | D:11     | Killed an unseen horror
 10488 | D:11     | Reached XP level 11. HP: 52/88 MP: 12/22
 10991 | D:11     | Noticed a two-headed ogre
 11000 | D:11     | Killed a two-headed ogre
 11000 | D:11     | Reached skill level 5 in Conjurations
 11156 | D:11     | Noticed an unseen horror
 11181 | D:11     | Noticed an unseen horror
 11188 | D:11     | Killed an unseen horror
 11369 | Lair:1   | Entered Level 1 of the Lair of Beasts
 11995 | Lair:1   | Noticed a seven-headed hydra
 12009 | Lair:1   | Killed a seven-headed hydra
 12568 | Lair:2   | Reached skill level 1 in Armour
 12831 | Lair:2   | Found a runed translucent door.
 12834 | Lair:2   | Noticed Iguemp's ghost (journeyman GrFE)
 13447 | Lair:3   | Noticed Nergalle
 13456 | Lair:3   | Killed Nergalle
 14429 | Lair:4   | Reached XP level 12. HP: 100/100 MP: 16/23
 15077 | Lair:4   | Found a staircase to the Shoals.
 15315 | Lair:4   | Found a staircase to the Snake Pit.
 15581 | Lair:5   | Found a staircase to the Slime Pits.
 16016 | Lair:5   | Reached skill level 5 in Dodging
 16421 | Lair:5   | Noticed a four-headed hydra
 16426 | Lair:5   | Killed a four-headed hydra
 16426 | Lair:5   | Reached skill level 5 in Armour
 16795 | Lair:5   | Got a pair of transparent boots
 16806 | Lair:5   | Identified the +0 pair of boots of the Game Afoot {+Fly rF+
                  | Str+6} (You found it on level 5 of the Lair of Beasts)
 17040 | Lair:5   | Noticed a six-headed hydra
 17044 | Lair:5   | Killed a six-headed hydra
 17044 | Lair:5   | Reached skill level 13 in Earth Magic
 17472 | Lair:6   | Entered Level 6 of the Lair of Beasts
 17487 | Lair:6   | Identified a scroll of acquirement
 17487 | Lair:6   | Identified the amulet of the Middle {Acrobat Slay+3 SInv}
                  | (You acquired it on level 6 of the Lair of Beasts)
 18147 | Lair:6   | Noticed a seven-headed hydra
 18153 | Lair:6   | Killed a seven-headed hydra
 18153 | Lair:6   | Reached skill level 14 in Earth Magic
 18793 | Lair:6   | Reached XP level 13. HP: 105/105 MP: 11/24
 19017 | Lair:6   | Found a runed translucent door.
 19879 | Lair:6   | Reached skill level 15 in Earth Magic
 20172 | Lair:6   | Noticed Urug
 20867 | Lair:6   | Noticed a dire elephant
 20885 | Lair:6   | Killed a dire elephant
 20903 | Lair:6   | Reached skill level 16 in Earth Magic
 21483 | D:9      | Bought the +2 cloak of the Thief {+Fog Slay-2 SInv Stlth+}
                  | for 743 gold pieces
 21483 | D:9      | Found the +2 cloak of the Thief {+Fog Slay-2 SInv Stlth+}
 21542 | Orc:1    | Entered Level 1 of the Orcish Mines
 22116 | Orc:2    | Entered Level 2 of the Orcish Mines
 22116 | Orc:2    | Found a staircase to the Elven Halls.
 23325 | Orc:2    | Noticed an orc warlord
 23789 | Orc:2    | Paralysed by an orc sorcerer for 5 turns
 24308 | Orc:2    | Found Tatudd's Magic Scroll Boutique.
 24311 | Orc:2    | Found Saseof's Gadget Shoppe.
 24649 | Orc:2    | Found Huhuqext's Assorted Antiques.
 24651 | Orc:2    | Found Tefuc's Antique Armour Boutique.
 24657 | Orc:2    | Bought a scroll of teleportation for 111 gold pieces
 24659 | Orc:2    | Bought an ancient robe for 245 gold pieces
 24659 | Orc:2    | Identified the cursed +0 robe of Bayr {rElec} (You bought
                  | it in a shop on level 2 of the Orcish Mines)
 24805 | Orc:2    | Reached XP level 14. HP: 95/113 MP: 4/27
 26752 | D:12     | Noticed Gastronok
 26758 | D:12     | Noticed Kirke
 27407 | D:13     | Noticed Sonja
 27408 | D:13     | Killed Sonja
 27580 | D:13     | Reached skill level 17 in Earth Magic
 28071 | D:13     | Noticed Erolcha
 28074 | D:13     | Killed Erolcha
 29841 | D:14     | Found Paujei Umuts's Antique Weapon Shop.
 30509 | D:14     | Found a gate to the Vaults.
 30668 | D:15     | Entered Level 15 of the Dungeon
 31032 | D:15     | Learned a level 2 spell: Blink
 31260 | D:15     | Reached skill level 1 in Translocations
 31429 | D:15     | Found a staircase to the Depths.
 31429 | D:15     | Noticed a fire giant
 32016 | D:15     | Killed a fire giant
 32355 | D:15     | Reached skill level 10 in Shields
 32357 | D:15     | Reached XP level 15. HP: 118/118 MP: 2/30
 32505 | D:15     | Found an iron altar of Okawaru.
 33407 | Shoals:1 | Entered Level 1 of the Shoals
 33847 | Shoals:1 | Learned a level 5 spell: Bolt of Magma
 33980 | Shoals:1 | Learned a level 6 spell: Iron Shot
 34055 | Shoals:1 | Reached skill level 1 in Fire Magic
 35937 | Shoals:2 | Found Wihyuh Imuf's Magic Scroll Boutique.
 35944 | Shoals:2 | Bought a scroll of teleportation for 39 gold pieces
 35944 | Shoals:2 | Bought a scroll of blinking for 97 gold pieces
 36228 | Shoals:2 | Noticed a kraken
 36452 | Shoals:2 | Killed a kraken
 36521 | Shoals:2 | Reached skill level 5 in Fire Magic
 36857 | Shoals:3 | Found a frozen archway.
 37037 | IceCv    | Entered an ice cave
 38328 | Shoals:3 | Identified the +6 halberd of Tukihiagh {drain, rF++ Str+9
                  | Int-4 Dex-3}
 38351 | Shoals:3 | Noticed Nikola
 38973 | Shoals:3 | Killed Nikola
 39275 | Shoals:3 | Reached skill level 10 in Conjurations
 39304 | Shoals:4 | Entered Level 4 of the Shoals
 39315 | Shoals:4 | Noticed Ilsuiw
 39328 | Shoals:4 | HP: 1/177 [sea snake (11)]
 39328 | Shoals:4 | Mangled by a merfolk impaler

Levels and vault maps discovered:
D:1:      scummos_arrival_forest, layout_loops_cross
D:2:      layout_loops_corners, marbit_many_paths,
          nicolae_overflow_crystal_walls
D:3:      layout_rooms, chequers_serial_rivers_micro_b, minivault_27
D:4:      layout_basic, first_ration, uniq_grinder
D:5:      layout_rooms, kennysheep_opposing_triangles
D:6:      layout_gridville, kennysheep_little_box
D:7:      layout_rooms, minmay_temple_entry_trees
D:8:      layout_basic, grunt_gozag_statues, uniq_harold
D:9:      layout_gridville, nicolae_dithmenos_shadow_blocks,
          nemelex_xobeh_ov_fountains_minmay,
          chequers_temple_overflow_statue_of_worship, david_lair_generic,
          serial_shops, shop, shop_statue
D:10:     layout_roguey
D:11:     layout_stronghold, david_orc_2, hangedman_little_slice_of_home
D:12:     layout_irregular_city, uniq_kirke, uniq_gastronok
D:13:     layout_irregular_city, serial_glass, glass_columns_b, glass_columns_a,
          glass_columns_c, glass_columns_a, glass_columns_a, glass_columns_a,
          uniq_erolcha, uniq_sonja
D:14:     layout_long_grid, erik_vaults_1, serial_shops, kennysheep_mini_moat,
          nicolae_wwwww
D:15:     grunt_enter_depths_giant_problem, layout_stronghold,
          chequers_serial_rivers_micro_c, okawaru_ov_weapons_minmay
Lair:1:   layout_cave_pods, serial_bayou_shore_a
Lair:2:   layout_chaotic_city, ebering_ghost_reflecting_pool, minivault_11,
          beast_lair_carwin_5
Lair:3:   layout_roguey, uniq_nergalle
Lair:4:   layout_regular_city, minmay_shoals_entry_hut,
          minmay_snake_entry_spellcaster, infiniplex_staircase_pool,
          lemuel_fruit_fields
Lair:5:   cheibrodos_lair_river_kwai, layout_loops_ring,
          nicolae_slime_entry_slimehenge, grunt_megastairs_2
Lair:6:   hangedman_lair_in_review, layout_regular_city, wormcave, st_stairs_6,
          uniq_urug
Shoals:1: nicolae_shoals_island_circles, layout_shoals
Shoals:2: layout_shoals, serial_shops, shop
Shoals:3: layout_shoals, portal_ice_cave_entry_pillars_2, uniq_nikola
Shoals:4: shoals_end_grunt_ice, layout_shoals, shoal_ilsuiw
Orc:1:    layout_caves, roderic_batcave
Orc:2:    st_orc_elflike, layout_caves

Skill      XL: |  1  2  3  4  5  6  7  8  9 10 11 12 13 14 15 |
---------------+----------------------------------------------+-----
Spellcasting   | 2 3 4 5 7 |  7.0
Earth Magic    | 3 4 5 6 7 10 11 12 14 16 17 | 17.1
Conjurations   | 1 2 3 4 6 8 10 | 10.1
Fighting       | 3 5 7 |  7.0
Shields        | 3 5 7 10 | 10.2
Transmutations | 2 4 |  4.0
Dodging        | 3 5 6 |  6.0
Armour         | 3 5 6 |  6.0
Translocations | 3 4 |  4.0
Fire Magic     | 7 |  7.0
Stealth        | |  1.7

Action                   |  1- 3 |  4- 6 |  7- 9 | 10-12 | 13-15 || total
-------------------------+-------+-------+-------+-------+-------++-------
Melee: Short sword       |    68 |    20 |    40 |       |       ||   128
       Unarmed           |     2 |       |       |       |       ||     2
       Dagger            |       |       |    18 |       |       ||    18
       Halberd           |       |       |     8 |       |       ||     8
       Staff             |       |       |    11 |    35 |   129 ||   175
       Trident           |       |       |       |       |   230 ||   230
Throw: Stone             |       |       |     1 |       |       ||     1
       Dart              |       |       |       |       |     1 ||     1
 Cast: Sandblast         |    21 |    71 |    71 |   282 |   436 ||   881
       Stone Arrow       |       |     5 |    72 |   139 |   481 ||   697
       Lee's Rapid Decon |       |       |    13 |    37 |   102 ||   152
       Petrify           |       |       |       |     3 |     1 ||     4
       Bolt of Magma     |       |       |       |       |    89 ||    89
       Iron Shot         |       |       |       |       |     6 ||     6
Evoke: Wand              |       |       |       |     4 |    13 ||    17
  Use: Scroll            |       |       |    11 |     9 |    20 ||    40
       Potion            |       |       |       |       |     5 ||     5
 Stab: Sleeping          |     4 |     2 |       |       |     1 ||     7
       Distracted        |       |       |       |     1 |       ||     1
  Eat: Chunk             |     3 |     6 |    13 |    34 |    70 ||   126
       Ration            |       |       |     2 |     3 |    11 ||    16
Armor: Robe              |    24 |    11 |    10 |     4 |       ||    49
       Ring mail         |       |       |       |    52 |   397 ||   449
Dodge: Dodged            |    50 |    28 |    64 |    87 |   465 ||   694
Block: Shield            |       |       |     8 |   102 |   617 ||   727

Table legend:
 A = Non-vault XP
 B = Vault XP
 C = Vault XP percentage of total XP
 D = Non-vault monster count
 E = Vault monster count
 F = Vault count percentage of total count
                 A         B        C        D         E       F
            +---------+---------+-------+---------+---------+-------
      Total |  126523 |   50745 |  28.6 |     601 |     146 |  19.5
            +---------+---------+-------+---------+---------+-------
        D:1 |       7 |       0 |   0.0 |       6 |       0 |   0.0
        D:2 |      85 |       2 |   2.3 |      23 |       1 |   4.2
        D:3 |      83 |       0 |   0.0 |      12 |       0 |   0.0
        D:4 |     293 |       0 |   0.0 |      16 |       0 |   0.0
        D:5 |     590 |     165 |  21.9 |      21 |       2 |   8.7
        D:6 |    1340 |       0 |   0.0 |      41 |       0 |   0.0
        D:7 |    1233 |       0 |   0.0 |      18 |       0 |   0.0
        D:8 |     274 |    1187 |  81.2 |       6 |       2 |  25.0
        D:9 |    2539 |     875 |  25.6 |      25 |       3 |  10.7
       D:10 |    2644 |       0 |   0.0 |      18 |       0 |   0.0
       D:11 |    7918 |     566 |   6.7 |      37 |      17 |  31.5
       D:12 |    3254 |     185 |   5.4 |      29 |       1 |   3.3
       D:13 |    7399 |    2042 |  21.6 |      32 |       3 |   8.6
       D:14 |   14122 |    1808 |  11.3 |      39 |       2 |   4.9
       D:15 |   15450 |    1696 |   9.9 |      34 |       1 |   2.9
     Lair:1 |    2611 |       0 |   0.0 |      13 |       0 |   0.0
     Lair:2 |     801 |    1591 |  66.5 |       5 |       6 |  54.5
     Lair:3 |     850 |     800 |  48.5 |       5 |       1 |  16.7
     Lair:4 |    4048 |     470 |  10.4 |      14 |       1 |   6.7
     Lair:5 |    4751 |    2746 |  36.6 |      17 |      14 |  45.2
     Lair:6 |   10018 |   17490 |  63.6 |      34 |      38 |  52.8
   Shoals:1 |   12728 |       0 |   0.0 |      29 |       0 |   0.0
   Shoals:2 |   16613 |       0 |   0.0 |      28 |       0 |   0.0
   Shoals:3 |    8843 |    3544 |  28.6 |      18 |       1 |   5.3
   Shoals:4 |     953 |       0 |   0.0 |       2 |       0 |   0.0
      Orc:1 |    1340 |      63 |   4.5 |      22 |       6 |  21.4
      Orc:2 |    5736 |    7486 |  56.6 |      57 |      25 |  30.5
      IceCv |       0 |    8029 | 100.0 |       0 |      22 | 100.0
            +---------+---------+-------+---------+---------+-------
